[Event "Team 45 45 League T32"]
[Site "Internet Chess Club"]
[Date "2007.02.10"]
[Round "4"]
[White "walleye"]
[Black "SeniorCitizen"]
[Result "0-1"]
[WhiteElo "1410"]
[BlackElo "1335"]
[ECO "C10"]
[TimeControl "2700+45"]

1. e4 e6 2. d4 d5 3. Nc3 dxe4 4. Nxe4 Nc6 5. Nf3 Be7 6. Be2 Nf6 7. Ng3 O-O 8.
O-O Re8 9. c3 Qd6 10. Be3 a6 11. Qd2 b5 12. Bf4 Qd8 13. Ne5 Bb7 14. Bf3 Nd5 15.
Nxf7 Kxf7 16. Bh5+ Kg8 17. Bxe8 Qxe8 18. Bxc7 Nxc7 19. Rae1 {White resigns} 0-1

[Event "Team 45 45 League T32"]
[Site "Internet Chess Club"]
[Date "2007.02.09"]
[Round "4"]
[White "ADIOKiddo4Ever"]
[Black "carolinaknight"]
[Result "0-1"]
[WhiteElo "1157"]
[BlackElo "1232"]
[ECO "C00"]
[TimeControl "2700+45"]

1. e4 e6 2. Nf3 d5 3. e5 c5 4. d4 Qb6 5. Be3 Qxb2 6. Nbd2 Nc6 7. dxc5 Nge7 8.
Bd3 Nxe5 9. Nxe5 Qxe5 10. O-O Bd7 11. Nb3 Nf5 12. Bxf5 Qxf5 13. Rb1 Be7 14. Na5
b6 15. c6 Bc8 16. Nb7 Bxb7 17. cxb7 Rb8 18. c3 Rxb7 19. Qb3 O-O 20. c4 Rfb8 21.
cxd5 Qxd5 22. Qb2 Bf6 23. Qe2 Rc8 24. Rbc1 Rc6 25. Rxc6 Qxc6 26. Rc1 Bc3 27. Bd4
Rc7 28. Rxc3 Qxc3 29. Bxc3 Rxc3 30. Qd2 Rc8 31. Qd7 Rc1+ 32. Qd1 Rxd1# {White
checkmated} 0-1

[Event "Team 45 45 League T32"]
[Site "Internet Chess Club"]
[Date "2007.02.09"]
[Round "4"]
[White "gilalva"]
[Black "furrbrain"]
[Result "1-0"]
[WhiteElo "1178"]
[BlackElo "1136"]
[ECO "C00"]
[TimeControl "2700+45"]

1. e4 e6 2. e5 d5 3. f4 c5 4. Nf3 Qb6 5. d4 Nc6 6. Be2 Nh6 7. f5 Nxf5 8. O-O Be7
9. Ng5 O-O 10. Bg4 Ncxd4 11. c3 Nc6 12. Kh1 Nxe5 13. Bxf5 exf5 14. Qxd5 Bf6 15.
Na3 Be6 16. Nxe6 fxe6 17. Qb3 Qxb3 18. axb3 a6 19. b4 c4 20. Bf4 Nd3 21. Nxc4 e5
22. Bd2 Rad8 23. Rxf5 Nxb2 24. Nxb2 Rxd2 25. Nc4 Re2 26. Raf1 e4 27. Ne5 Rd8 28.
Ng4 Rdd2 29. Nxf6+ gxf6 30. Rxf6 Rxg2 31. Rg1 Kg7 32. Rff1 Kh6 33. Rxg2 Rxg2 34.
Kxg2 Kg5 35. Rf7 h5 36. Rxb7 Kf4 37. Kf2 Ke5 38. Ke3 Kd5 39. Rc7 Ke5 40. Rc5+
Kf6 41. Rxh5 {Black resigns} 1-0

[Event "Team 45 45 League T32"]
[Site "Internet Chess Club"]
[Date "2007.02.11"]
[Round "4"]
[White "Frankly"]
[Black "b-spot"]
[Result "0-1"]
[WhiteElo "1641"]
[BlackElo "1702"]
[ECO "E53"]
[TimeControl "2700+45"]

1. d4 Nf6 2. c4 e6 3. Nc3 Bb4 4. e3 O-O 5. Bd3 d5 6. Nf3 c5 7. O-O cxd4 8. exd4
dxc4 9. Bxc4 Nbd7 10. Qb3 Bxc3 11. bxc3 b6 12. Ba3 Re8 13. Rad1 Bb7 14. Ne5 Qc7
15. f4 Rac8 16. Bb5 a6 17. Nxd7 Nxd7 18. Bxd7 Qxd7 19. Rc1 Qc6 20. Rf2 Rc7 21.
Rfc2 Rec8 22. Bb2 b5 23. Re2 Qc4 24. Rec2 Qc6 25. Re2 Qc4 26. Rec2 Qd3 27. Re1
Bd5 28. c4 bxc4 29. Qc3 Qxc3 30. Rxc3 Rb7 31. Ba3 Rc6 32. g3 g6 33. Kf2 Rcb6 34.
Ke3 Rb5 35. Re2 Ra5 36. Bc5 Rb1 37. Rcc2 Rab5 38. Red2 Re1+ 39. Re2 Rxe2+ 40.
Kxe2 Rb1 41. Ke3 Re1+ 42. Re2 Rf1 43. a3 Rf3+ 44. Kd2 Rd3+ 45. Kc2 Rf3 46. Kd2
f5 47. Re3 Rf2+ 48. Re2 c3+ 49. Ke1 c2 50. Kxf2 c1=Q 51. Bb4 Qh1 52. Ke3 Qe4+
53. Kf2 Qxd4+ 54. Ke1 Bc4 55. Re5 Kf7 56. h4 Qg1+ 57. Kd2 Qxg3 58. Rc5 Qd3+ 59.
Kc1 Qf1+ 60. Kb2 Qxf4 61. Kc3 Bb5 62. Rc8 Be8 63. Rc4 Qe3+ 64. Kb2 Qf2+ 65. Kc3
Kg7 66. Rc7+ Kh6 67. Bf8+ Kh5 68. Rxh7+ Kg4 69. Bb4 Qe3+ 70. Kb2 Ba4 71. Bc3
Qe2+ 72. Ka1 Bb3 {White resigns} 0-1

[Event "Team 45 45 League T32"]
[Site "Internet Chess Club"]
[Date "2007.02.11"]
[Round "4"]
[White "tammany"]
[Black "drflounder"]
[Result "0-1"]
[WhiteElo "1685"]
[BlackElo "1748"]
[ECO "C02"]
[TimeControl "2700+45"]

1. e4 e6 2. d4 d5 3. e5 c5 4. c3 Nc6 5. Nf3 Qb6 6. a3 cxd4 7. cxd4 Nge7 8. b4
Nf5 9. Bb2 a5 10. b5 Nb8 11. a4 Be7 12. Be2 O-O 13. Ba3 Bxa3 14. Rxa3 f6 15. O-O
Nd7 16. exf6 Nxf6 17. Nc3 Qd6 18. Rb3 b6 19. Ne5 Bb7 20. Re1 Nd7 21. Nxd7 Qxd7
22. Bg4 Rae8 23. Ne2 Qd6 24. Ng3 Nxg3 25. Rxg3 Bc8 26. Rge3 Rf6 27. Qc2 Bd7 28.
Rh3 g6 29. Qd2 Qf4 30. Qe2 Qxd4 31. Rf3 Rxf3 32. Bxf3 Qf6 33. Rc1 Rc8 34. Rxc8+
Bxc8 35. h3 Qa1+ 36. Kh2 Qxa4 37. Bxd5 Qf4+ 38. g3 Qf5 39. Bg2 Kf7 40. Qc4 Qc5
41. Qf4+ Kg7 42. h4 Bd7 43. Qe4 Qxb5 44. Qb7 Kf6 45. Qf3+ Ke7 46. Qe3 h5 47. Qe4
Qf5 48. Qd4 b5 49. Be4 Qf6 50. Qc5+ Ke8 51. Qb6 a4 52. Kg2 a3 53. Qb8+ Kf7 54.
Qa7 Qe7 55. Qd4 b4 56. Qd3 a2 57. Bxg6+ Kg7 58. Bxh5 a1=Q {White resigns} 0-1

[Event "Team 45 45 League T32"]
[Site "Internet Chess Club"]
[Date "2007.02.11"]
[Round "4"]
[White "rabanito"]
[Black "dougmo"]
[Result "1-0"]
[WhiteElo "1741"]
[BlackElo "1535"]
[ECO "C19"]
[TimeControl "2700+45"]

1. e4 e6 2. d4 d5 3. Nc3 Bb4 4. e5 c5 5. a3 Bxc3+ 6. bxc3 Ne7 7. Nf3 Nbc6 8. Bd3
Qa5 9. Bd2 c4 10. Be2 Bd7 11. O-O O-O 12. a4 Nd8 13. Bg5 Ng6 14. Qd2 Nc6 15. h4
f5 16. exf6 gxf6 17. Bh6 Rf7 18. h5 Nge7 19. Nh4 e5 20. Rfd1 Nf5 21. Nxf5 Bxf5
22. dxe5 Nxe5 23. Qxd5 Qxd5 24. Rxd5 Bxc2 25. f4 Nd3 26. Rd4 Re8 27. Rxc4 Rfe7
28. Bf3 Nb2 29. Bd5+ Kh8 30. Rb4 Nxa4 31. Rbxa4 Bxa4 32. Rxa4 Re1+ 33. Kh2 R1e3
34. c4 Re2 35. Rxa7 R2e7 36. c5 {Black forfeits on time} 1-0

[Event "Team 45 45 League T32"]
[Site "Internet Chess Club"]
[Date "2007.02.11"]
[Round "4"]
[White "Two-DogMan"]
[Black "fibin"]
[Result "0-1"]
[WhiteElo "1526"]
[BlackElo "1417"]
[ECO "C41"]
[TimeControl "2700+45"]

1. e4 e5 2. Nf3 d6 3. h3 Nf6 4. Nc3 Nc6 5. d4 exd4 6. Nxd4 Nxd4 7. Qxd4 Be6 8.
Qd1 Be7 9. Bd3 Qd7 10. Be3 a6 11. Qd2 O-O 12. f4 Qc6 13. f5 Bc4 14. O-O Bxd3 15.
cxd3 Rad8 16. Qf2 d5 17. Nxd5 Nxd5 18. exd5 Rxd5 19. d4 Bf6 20. Kh1 Rfd8 21.
Rad1 Qd7 22. Qf4 c5 23. Bg1 cxd4 24. Rd3 Qb5 25. Rfd1 Rxf5 26. Qc7 Qc6 27. Qg3
Rg5 28. Qf2 h6 29. Qe2 Re8 30. Qf2 Ree5 31. Rxd4 Ref5 32. Rd6 Rxf2 33. Rxc6
Rfxg2 34. Rc8+ Kh7 35. Bb6 Rxb2 36. Bc7 Rgg2 37. Rg1 Rxg1+ 38. Kxg1 Rxa2 39. Bg3
Kg6 40. Rc4 h5 41. h4 b5 42. Re4 a5 43. Bf2 b4 44. Kg2 b3 45. Re8 Bxh4 46. Rb8
Bxf2 47. Rxb3 Bh4+ 48. Kf3 Bf6 49. Ke4 a4 50. Rg3+ Bg5 51. Kd4 h4 52. Rg1 h3 53.
Kc3 Rg2 54. Rh1 h2 55. Kb4 Ra2 56. Kc3 Bf6+ 57. Kb4 Be7+ 58. Kc4 a3 59. Kb3 Rb2+
60. Kc3 Bf6+ 61. Kd3 a2 62. Ke4 Rb1 63. Rxh2 Re1+ 64. Kd3 a1=Q 65. Rg2+ Bg5
{White resigns} 0-1

[Event "Team 45 45 League T32"]
[Site "Internet Chess Club"]
[Date "2007.02.10"]
[Round "4"]
[White "OnFire"]
[Black "viking99"]
[Result "1-0"]
[WhiteElo "1697"]
[BlackElo "1805"]
[ECO "C13"]
[TimeControl "2700+45"]

1. e4 e6 2. d4 d5 3. Nc3 Nf6 4. Bg5 Be7 5. exd5 Nxd5 6. Bxe7 Qxe7 7. Bd3 O-O 8.
Qe2 Nxc3 9. bxc3 Qg5 10. Be4 Nd7 11. h4 Qf4 12. g3 Qh6 13. g4 Qf4 14. h5 f5 15.
gxf5 exf5 16. Bd5+ Kh8 17. Qe7 Qd6 18. Qxd6 cxd6 19. Rb1 Nb6 20. Bg2 Re8+ 21.
Kd2 Rb8 22. Ne2 Be6 23. Nf4 Bc4 24. a4 Nxa4 25. Rxb7 Rxb7 26. Bxb7 Rb8 27. Bd5
Bxd5 28. Nxd5 Nb6 29. Nxb6 Rxb6 30. Ra1 a6 31. d5 Kg8 32. Ke3 Kf7 33. Kf4 Kf6
34. Re1 g6 35. Re6+ Kf7 36. hxg6+ hxg6 37. Kg5 a5 38. Rxg6 a4 39. Kxf5 a3 40.
Rg1 a2 41. Ra1 Rb2 42. Ke4 Rxc2 43. Kd3 Rxf2 44. c4 Ke7 45. Kc3 Kd7 46. Kb3 Kc7
47. Rxa2 Rf3+ 48. Kb4 Kb6 49. Re2 Rf6 50. Re6 Rf1 51. Rxd6+ Kc7 52. Rc6+ Kd7 53.
Kc5 Rc1 54. Ra6 Rc2 55. Ra7+ Kc8 56. Kb5 Kb8 57. Rf7 Kc8 58. c5 Kd8 59. Kc6 Ke8
60. Ra7 Rf2 61. d6 Rc2 62. Ra8+ Kf7 63. d7 {Black resigns} 1-0

[Event "Team 45 45 League T32"]
[Site "Internet Chess Club"]
[Date "2007.02.11"]
[Round "4"]
[White "OOB1"]
[Black "TrickyBishop"]
[Result "1-0"]
[WhiteElo "1470"]
[BlackElo "1691"]
[ECO "C47"]
[TimeControl "2700+45"]

1. e4 e5 2. Nf3 Nc6 3. Nc3 Nf6 4. d4 exd4 5. Nxd4 Nxd4 6. Qxd4 c5 7. Qe3 b6 8.
Bd3 Bb7 9. Qg3 d5 10. exd5 Nxd5 11. Nxd5 Qxd5 12. Be3 g6 13. O-O-O Bg7 14. Bb5+
{Black resigns} 1-0

[Event "Team 45 45 League T32"]
[Site "Internet Chess Club"]
[Date "2007.02.11"]
[Round "4"]
[White "grandpa06"]
[Black "rubashov"]
[Result "0-1"]
[WhiteElo "1446"]
[BlackElo "1558"]
[ECO "A03"]
[TimeControl "2700+45"]

1. f4 d5 2. Nf3 c5 3. e3 Nf6 4. Be2 Nc6 5. O-O e6 6. Bb5 a6 7. Bxc6+ bxc6 8. b3
Be7 9. Bb2 O-O 10. d3 Nd7 11. Nbd2 a5 12. a4 Bf6 13. d4 cxd4 14. exd4 Ba6 15.
Rf2 Qc7 16. Ne5 Nxe5 17. fxe5 Bg5 18. Rf3 Qb6 19. Rh3 Bxd2 20. Qxd2 f6 21. Qf4
fxe5 22. Qxe5 Rf6 23. Rg3 Raf8 24. Ba3 Rf1+ 25. Rxf1 Rxf1# {White checkmated}
0-1

[Event "Team 45 45 League T32"]
[Site "Internet Chess Club"]
[Date "2007.02.08"]
[Round "4"]
[White "Mfalme"]
[Black "oldsj"]
[Result "0-1"]
[WhiteElo "1175"]
[BlackElo "1400"]
[ECO "C22"]
[TimeControl "2700+45"]

1. e4 e5 2. d4 exd4 3. Qxd4 Nc6 4. Qd1 Bc5 5. Nf3 Qe7 6. Bd3 d6 7. O-O Bg4 8. c3
Nf6 9. a4 a5 10. Re1 O-O 11. Be3 Bxe3 12. Rxe3 Ne5 13. Be2 Rad8 14. Nbd2 Bh5 15.
b4 Nfg4 16. Nxe5 Nxe3 17. fxe3 Bxe2 18. Nc6 bxc6 19. Qxe2 Qe5 20. Rc1 Ra8 21.
Nc4 Qxe4 22. Nxa5 Rxa5 23. bxa5 Ra8 24. Ra1 Rxa5 25. c4 d5 26. Qd2 Ra8 27. Qd4
f5 28. g3 Rxa4 29. Rxa4 Qb1+ 30. Kf2 Qc2+ 31. Kf3 Qxa4 32. cxd5 Qxd4 33. exd4
Kf7 34. dxc6 Ke6 35. Kf4 h6 36. d5+ Kxd5 37. Kxf5 Kxc6 38. Kg6 Kd6 39. Kxg7 c5
40. Kxh6 c4 41. g4 c3 42. g5 c2 43. h4 Ke6 44. Kg6 c1=Q 45. h5 Qf4 46. Kh6 Kf7
{White resigns} 0-1

[Event "Team 45 45 League T32"]
[Site "Internet Chess Club"]
[Date "2007.02.12"]
[Round "4"]
[White "HarishBN"]
[Black "SneakyRed"]
[Result "1/2-1/2"]
[WhiteElo "1785"]
[BlackElo "1839"]
[ECO "B10"]
[TimeControl "2700+45"]

1. e4 c6 2. d3 d5 3. Nd2 e5 4. Ngf3 Bd6 5. g3 Nf6 6. Bg2 O-O 7. O-O Re8 8. Re1
Nbd7 9. a3 a5 10. Nf1 Qb6 11. Ne3 Bc5 12. exd5 Nxd5 13. Ng5 N7f6 14. Kh1 Nxe3
15. fxe3 Bg4 16. Nf3 e4 17. dxe4 Nxe4 18. Qe2 Rad8 19. Qf1 Bd6 20. Qc4 Nf2+ 21.
Kg1 Nh3+ 22. Kh1 Nf2+ 23. Kg1 Nh3+ 24. Kh1 Nf2+ 25. Kg1 Nh3+ 26. Kh1 {Game drawn
by repetition} 1/2-1/2

[Event "Team 45 45 League T32"]
[Site "Internet Chess Club"]
[Date "2007.02.10"]
[Round "4"]
[White "az2112"]
[Black "Changuito-77"]
[Result "1-0"]
[WhiteElo "1699"]
[BlackElo "1769"]
[ECO "C50"]
[TimeControl "2700+45"]

1. e4 e5 2. Nf3 Nc6 3. Bc4 Bc5 4. O-O Nf6 5. d3 Na5 6. Nxe5 O-O 7. Bg5 Qe7 8. d4
Bb6 9. Re1 d6 10. Bxf7+ Rxf7 11. Nxf7 Qxf7 12. e5 dxe5 13. dxe5 Bxf2+ 14. Kxf2
Ne4+ 15. Kg1 Qf2+ 16. Kh1 Nxg5 17. Rf1 Bg4 18. Qd5+ Be6 19. Qxe6+ Nxe6 20. Rxf2
Nc4 21. c3 Rd8 22. Na3 Nxa3 23. bxa3 Rd3 24. Rf3 Rd2 25. h4 Re2 26. Rff1 Re3 27.
Rac1 Re2 28. Rcd1 Rxa2 29. Rd7 Rxa3 30. Re7 Ra6 31. Re8+ {Black resigns} 1-0

[Event "Team 45 45 League T32"]
[Site "Internet Chess Club"]
[Date "2007.02.12"]
[Round "4"]
[White "Cantemir"]
[Black "ChessZak"]
[Result "0-1"]
[WhiteElo "1408"]
[BlackElo "1516"]
[ECO "B21"]
[TimeControl "2700+45"]

1. f4 c5 2. e4 Nc6 3. Nf3 g6 4. Bc4 Bg7 5. c3 Nf6 6. O-O O-O 7. d3 d6 8. h3 a6
9. Be3 b5 10. Bb3 e5 11. fxe5 Nxe5 12. Nbd2 Nxf3+ 13. Nxf3 Bb7 14. Qd2 Rc8 15.
Bh6 c4 16. dxc4 bxc4 17. Bxg7 Kxg7 18. Bc2 Bxe4 19. Bxe4 Nxe4 20. Qd4+ Nf6 21.
Rad1 d5 22. Ng5 h6 23. Nh7 Kxh7 24. Rxf6 Rb8 25. Rdf1 Kg8 26. Qa7 Qe8 27. Rxf7
Rxf7 28. Rxf7 Qxf7 29. Qxb8+ Kg7 30. Qb6 Qf4 31. a4 Qc1+ 32. Kf2 Qd2+ 33. Kf3
Qd3+ 34. Qe3 Qf1+ 35. Kg3 Qb1 36. Qe7+ Kg8 37. Qe6+ Kg7 38. Qxd5 Qxb2 39. Qxc4
Qb8+ 40. Qf4 Qxf4+ 41. Kxf4 Kf6 42. g4 g5+ 43. Ke4 Ke6 44. a5 Kd6 45. Kd4 Kc6
46. Kc4 Kd6 47. Kb4 Kc6 48. c4 Kd6 49. Kc3 Kc5 50. Kb3 Kd6 51. Kb4 Kc6 52. c5
Kd5 53. Kb3 Kxc5 54. Ka4 Kc4 55. Ka3 Kb5 56. Kb3 Kxa5 57. Ka3 Kb5 58. Kb3 Kc5
59. Ka4 Kd4 {White resigns} 0-1

[Event "Team 45 45 League T32"]
[Site "Internet Chess Club"]
[Date "2007.02.12"]
[Round "4"]
[White "sdcohle"]
[Black "GadsHill"]
[Result "1-0"]
[WhiteElo "1416"]
[BlackElo "1520"]
[ECO "C44"]
[TimeControl "2700+45"]

1. e4 e5 2. Nf3 Nc6 3. g3 Nf6 4. Nc3 d6 5. Bg2 Bg4 6. O-O Be7 7. d3 h6 8. Be3
O-O 9. Qd2 Re8 10. h4 Qd7 11. a3 a5 12. Nh2 Bh5 13. Nd5 Nxd5 14. exd5 Nd8 15.
Bxh6 gxh6 16. Qxh6 Qf5 17. Be4 Qf6 18. Qxh5 Qg7 19. Qg4 Qxg4 20. Nxg4 Kg7 21.
Rae1 b6 22. Re3 Nb7 23. Kg2 Nc5 24. Bf3 f5 25. Nh2 f4 26. Re2 Rf8 27. d4 fxg3
28. fxg3 Nd7 29. dxe5 Nxe5 30. Be4 Rxf1 31. Nxf1 Rf8 32. Ne3 Bd8 33. Nf5+ Kg8
34. Rf2 Ng4 35. Rf4 Nf6 36. Bf3 Re8 37. g4 Re1 38. g5 Nd7 39. Nh6+ Kg7 40. Rf7+
{Black resigns} 1-0

[Event "Team 45 45 League T32"]
[Site "Internet Chess Club"]
[Date "2007.02.08"]
[Round "4"]
[White "smitty120"]
[Black "nursey"]
[Result "0-1"]
[WhiteElo "1894"]
[BlackElo "1708"]
[ECO "C54"]
[TimeControl "2700+45"]

1. e4 e5 2. Nf3 Nc6 3. Bc4 Bc5 4. c3 Nf6 5. d4 exd4 6. cxd4 Bb4+ 7. Bd2 Bxd2+ 8.
Nbxd2 d5 9. exd5 Nxd5 10. O-O O-O 11. Rc1 Nb6 12. Ne4 Bg4 13. d5 Ne5 14. Bb3
Nxf3+ 15. gxf3 Bf5 16. Kh1 Re8 17. Qd4 a6 18. Rg1 Bg6 19. d6 cxd6 20. Nxd6 Re7
21. Qf4 Qd7 22. Rxg6 hxg6 23. Nxf7 Rxf7 24. Kg2 Nd5 25. Qe4 Rd8 26. Rd1 Rf5
{White resigns} 0-1

[Event "Team 45 45 League T32"]
[Site "Internet Chess Club"]
[Date "2007.02.11"]
[Round "4"]
[White "Pierrekurdy"]
[Black "Mikey29a"]
[Result "0-1"]
[WhiteElo "1640"]
[BlackElo "1648"]
[ECO "A05"]
[TimeControl "2700+45"]

1. Nf3 Nf6 2. g3 g6 3. Bg2 Bg7 4. O-O d6 5. c4 O-O 6. d4 Nfd7 7. Nc3 e5 8. e3
Nc6 9. b3 h6 10. Bb2 f5 11. dxe5 dxe5 12. Nh4 g5 13. Bd5+ Kh7 14. Ba3 gxh4 15.
Bxf8 Nxf8 16. Qh5 hxg3 17. hxg3 e4 18. Qf7 Ng6 19. Nxe4 fxe4 20. Bxe4 Ne5 21.
Bxg6+ Nxg6 22. Rad1 Qe7 23. Qd5 c6 24. Qd3 Qf7 25. Qd8 Bh3 26. Qxa8 Qf3 {White
resigns} 0-1

[Event "Team 45 45 League T32"]
[Site "Internet Chess Club"]
[Date "2007.02.12"]
[Round "4"]
[White "ElmerHo"]
[Black "Dagambiter"]
[Result "1/2-1/2"]
[WhiteElo "1631"]
[BlackElo "1602"]
[ECO "B12"]
[TimeControl "2700+45"]

1. e4 c6 2. d4 d5 3. e5 Bf5 4. Nc3 e6 5. g4 Bg6 6. Nge2 Nd7 7. h4 h6 8. Be3 Qc7
9. a3 Ne7 10. Qd2 Nc8 11. f4 Ncb6 12. Ng3 c5 13. Nb5 Qc8 14. f5 Bh7 15. fxe6
fxe6 16. Rc1 a6 17. Nc3 cxd4 18. Bxd4 Nc4 19. Bxc4 Qxc4 20. Nge2 Nc5 21. b3 Nxb3
22. cxb3 Qxb3 23. Qa2 Qxa3 24. Qxa3 Bxa3 25. Ra1 Bb2 26. Ra2 Bxc3+ 27. Bxc3 O-O
28. Nd4 Rac8 29. Bd2 Rfe8 30. Rf1 Rc4 31. Be3 Rc3 32. Bf2 Rc1+ 33. Ke2 Bd3+ 34.
Kxd3 Rxf1 35. Rb2 Rd1+ 36. Ke2 Ra1 37. Rxb7 Ra2+ 38. Ke3 Rf8 39. Be1 Ra3+ 40.
Rb3 Rxb3+ 41. Nxb3 Kf7 42. g5 hxg5 43. hxg5 Kg6 44. Nc5 Rf5 45. Kd4 Kf7 46. g6+
Kxg6 47. Nxe6 Kf7 48. Kxd5 g5 49. Kd6 g4 50. Bg3 Rf3 51. Ng5+ Ke8 52. Nxf3 gxf3
53. Kc6 Ke7 54. Kb6 Ke6 55. Kxa6 f2 56. Bxf2 Kxe5 {Game drawn because neither
player has mating material} 1/2-1/2

[Event "Team 45 45 League T32"]
[Site "Internet Chess Club"]
[Date "2007.02.10"]
[Round "4"]
[White "SRS"]
[Black "Hastings"]
[Result "1-0"]
[WhiteElo "1724"]
[BlackElo "1374"]
[ECO "C35"]
[TimeControl "2700+45"]

1. e4 e5 2. f4 exf4 3. Nf3 Be7 4. Bc4 Bh4+ 5. g3 fxg3 6. O-O d5 7. Bxd5 Qd6 8.
Nxh4 gxh2+ 9. Kh1 Be6 10. Bxb7 c6 11. d4 Qg3 12. Nf5 Nd7 13. Nxg3 {Black
resigns} 1-0

[Event "Team 45 45 League T32"]
[Site "Internet Chess Club"]
[Date "2007.02.08"]
[Round "4"]
[White "JimGrange"]
[Black "ZeTigre"]
[Result "0-1"]
[WhiteElo "1876"]
[BlackElo "1955"]
[ECO "D24"]
[TimeControl "2700+45"]

1. d4 d5 2. c4 dxc4 3. Nf3 Nf6 4. Nc3 a6 5. a4 Nc6 6. e4 Bg4 7. d5 Ne5 8. Bf4
Nfd7 9. Be2 Bxf3 10. gxf3 e6 11. dxe6 fxe6 12. Rg1 Qe7 13. Qd4 Qf6 14. Qe3 Bd6
15. Bg5 Qf7 16. f4 Nd3+ 17. Bxd3 cxd3 18. e5 Bc5 19. Qxd3 h6 20. Bh4 g5 21. Qe4
gxh4 22. Qxb7 Rb8 23. Qxc7 Qxf4 {White resigns} 0-1

[Event "Team 45 45 League T32"]
[Site "Internet Chess Club"]
[Date "2007.02.10"]
[Round "4"]
[White "GrandPoobah069"]
[Black "Vannak1"]
[Result "1-0"]
[WhiteElo "1714"]
[BlackElo "1702"]
[ECO "B22"]
[TimeControl "2700+45"]

1. e4 c5 2. c3 e6 3. d4 d5 4. exd5 exd5 5. Nf3 Bg4 6. Be2 Nf6 7. O-O c4 8. Be3
Bd6 9. Nbd2 O-O 10. b3 b5 11. a4 b4 12. bxc4 bxc3 13. c5 Bxh2+ 14. Kxh2 Qc7+ 15.
g3 cxd2 16. Bxd2 Ne4 17. Bf4 Qc6 18. Ne5 Bxe2 19. Nxc6 Bxd1 20. Ne7+ Kh8 21.
Raxd1 g5 22. Bc7 Na6 23. Nxd5 Nxc7 24. Nxc7 Rab8 25. Nb5 a5 26. f3 Nf6 27. d5
Rfc8 28. c6 Kg7 29. Rfe1 Kf8 30. Kg2 h6 31. Re5 Ne8 32. Rc1 f6 33. Re6 Kf7 34.
Rxe8 Kxe8 35. Nd6+ Ke7 36. Nxc8+ Rxc8 37. Rd1 Kd6 38. Kf2 Rb8 39. Re1 Kxd5 40.
c7 Rc8 41. Rc1 Kd6 42. Rd1+ Kc5 43. Rb1 h5 44. f4 h4 45. Rb5+ Kc4 46. Rxa5 Kb4
47. Ra7 h3 48. fxg5 fxg5 49. g4 Kc3 50. Kg3 Rh8 51. Kh2 Kd3 52. Rb7 Rc8 53. Kxh3
Ke3 54. Kg3 Ke2 55. a5 Rf8 56. Rb2+ Kd3 57. a6 Ke3 58. a7 Rf3+ 59. Kg2 Rf8 60.
Ra2 Ra8 61. Ra5 Kf4 62. Kh3 Rh8+ 63. Kg2 Ra8 64. Ra4+ Ke5 65. Kg3 Kd6 66. c8=Q
Rxc8 67. a8=Q Rc3+ 68. Kf2 Rc2+ 69. Ke3 Rc3+ 70. Kd2 Rc5 71. Kd3 Rd5+ 72. Rd4
Rxd4+ 73. Kxd4 {Black resigns} 1-0

[Event "Team 45 45 League T32"]
[Site "Internet Chess Club"]
[Date "2007.02.09"]
[Round "4"]
[White "MindRide"]
[Black "charles-allen"]
[Result "0-1"]
[WhiteElo "1733"]
[BlackElo "1694"]
[ECO "B01"]
[TimeControl "2700+45"]

1. e4 d5 2. exd5 Nf6 3. d4 Bg4 4. Qd3 Nxd5 5. Qb5+ c6 6. Qb3 Qb6 7. Qxb6 axb6 8.
c3 e6 9. Bd3 Bd6 10. Ne2 Nd7 11. a3 O-O 12. f3 Bf5 13. Bxf5 exf5 14. Kf2 Rfe8
15. g3 Re7 16. Re1 Rae8 17. c4 Ne3 18. Bxe3 Rxe3 19. Nbc3 Nf6 20. Rad1 g5 21.
Nc1 f4 22. Rxe3 Rxe3 23. Rd3 Rxd3 24. Nxd3 fxg3+ 25. hxg3 Kg7 26. b4 h5 27. Ne4
Nxe4+ 28. fxe4 h4 29. e5 hxg3+ 30. Kxg3 Bb8 31. Kg4 Kg6 32. Nf2 c5 33. bxc5 bxc5
34. dxc5 Bxe5 35. Nd3 f5+ 36. Kf3 g4+ 37. Kg2 Bc7 38. Nb4 Kg5 39. Nd5 Be5 40. a4
f4 41. a5 f3+ 42. Kf1 g3 43. Ne3 Bd4 44. a6 bxa6 45. c6 Bxe3 46. c7 g2+ 47. Ke1
g1=Q# {White checkmated} 0-1

[Event "Team 45 45 League T32"]
[Site "Internet Chess Club"]
[Date "2007.02.12"]
[Round "4"]
[White "BraafPaard"]
[Black "GolferBob"]
[Result "1/2-1/2"]
[WhiteElo "1579"]
[BlackElo "1555"]
[ECO "B33"]
[TimeControl "2700+45"]

1. e4 c5 2. Nf3 Nc6 3. d4 cxd4 4. Nxd4 Nf6 5. Nc3 e5 6. Nxc6 bxc6 7. Bg5 Rb8 8.
Bc4 Bb4 9. O-O h6 10. Bxf6 Qxf6 11. Qd2 O-O 12. Rad1 d6 13. a3 Bxc3 14. Qxc3 Bg4
15. f3 Bh5 16. b4 Rfd8 17. Rd2 Rd7 18. f4 Rbd8 19. fxe5 Qxe5 20. Qxe5 dxe5 21.
Rxd7 Rxd7 22. Bd3 Bg6 23. Rf3 Kf8 24. Kf2 Ke7 25. Ke3 Kd8 26. a4 Kc7 27. a5 Kb7
28. c4 Rd4 29. Rf2 f6 30. g4 Bf7 31. Rc2 Be6 32. h3 Bg8 33. Rc1 Be6 34. Rc2
{Game drawn by mutual agreement} 1/2-1/2

[Event "Team 45 45 League T32"]
[Site "Internet Chess Club"]
[Date "2007.02.18"]
[Round "4"]
[White "Pawnster"]
[Black "John3v16"]
[Result "1-0"]
[WhiteElo "2088"]
[BlackElo "1758"]
[ECO "D02"]
[TimeControl "2700+45"]

1. d4 Nf6 2. Nf3 d5 3. Bf4 Nbd7 4. Nbd2 g6 5. e3 Bg7 6. c4 c6 7. cxd5 Nxd5 8.
Bg3 Qb6 9. Qc2 O-O 10. a3 Qa5 11. b4 Qd8 12. Bd3 Re8 13. O-O e5 14. Nxe5 Nxe5
15. dxe5 Bxe5 16. Bxe5 Rxe5 17. Nf3 Rh5 18. Rad1 Bg4 19. Be2 Qc7 20. g3 Re8 21.
Rd4 Nf6 22. Rfd1 Qc8 23. Rf4 Nd5 24. Rfd4 f6 25. e4 Qe6 26. exd5 Qxe2 27. Qxe2
Rxe2 28. Rxg4 Rxd5 29. Rxd5 cxd5 30. Rd4 Ra2 31. Rd3 Kf7 32. Nd4 a6 33. Kg2 Ke7
34. Kf3 Kd6 35. Ke3 Ra1 36. Ne2 g5 37. Nc3 Re1+ 38. Kf3 Re5 39. Na4 h5 40. h3
Rf5+ 41. Kg2 Re5 42. Nb2 Re4 43. Nd1 Ke5 44. Ne3 Rd4 45. Rc3 Ke4 46. Rc7 Rd3 47.
a4 d4 48. Re7# {Black checkmated} 1-0

[Event "Team 45 45 League T32"]
[Site "Internet Chess Club"]
[Date "2007.02.09"]
[Round "4"]
[White "Ghostblaster"]
[Black "PublisherKing"]
[Result "0-1"]
[WhiteElo "1621"]
[BlackElo "1777"]
[ECO "D15"]
[TimeControl "2700+45"]

1. d4 d5 2. c4 Nf6 3. Nc3 c6 4. Nf3 Bf5 5. e3 e6 6. Be2 dxc4 7. Bxc4 Bd6 8. O-O
O-O 9. Re1 Nbd7 10. e4 Bg4 11. e5 Bc7 12. exf6 Nxf6 13. Bg5 Qd6 14. Bxf6 gxf6
15. Ne4 Qe7 16. Ng3 Rad8 17. Qb3 Bxg3 18. hxg3 Bxf3 19. gxf3 Rxd4 20. Re4 Rfd8
21. Rae1 b5 22. Rxd4 Rxd4 23. Bf1 Qd6 24. f4 Rd2 25. Qc3 Kg7 26. a3 a6 27. b4
Qd5 28. Bg2 Qa2 29. Qe3 Rd6 30. Rc1 Rd2 31. Qf3 Rd6 32. Rc3 Qb2 33. Qe3 Rd1+ 34.
Kh2 Rd2 35. Kg1 Rd1+ 36. Bf1 Qa1 37. Rxc6 Rxf1+ 38. Kg2 Rg1+ 39. Kf3 Qd1+ 40.
Qe2 Qd5+ 41. Qe4 Qh5+ {White resigns} 0-1

[Event "Team 45 45 League T32"]
[Site "Internet Chess Club"]
[Date "2007.02.11"]
[Round "4"]
[White "dondel"]
[Black "autobot"]
[Result "0-1"]
[WhiteElo "1664"]
[BlackElo "1697"]
[ECO "D10"]
[TimeControl "2700+45"]

1. d4 c6 2. c4 d5 3. e3 Nf6 4. h3 Bf5 5. Nf3 e6 6. a3 Be7 7. Nc3 O-O 8. b4 dxc4
9. Bxc4 Nbd7 10. O-O Nb6 11. Bd3 Bxd3 12. Qxd3 Nbd5 13. Bd2 a5 14. bxa5 Rxa5 15.
Nxd5 Rxd5 16. e4 Rb5 17. Rfb1 Rxb1+ 18. Rxb1 Qc7 19. e5 Nd5 20. g4 Ra8 21. Bc1
c5 22. dxc5 Bxc5 23. Nd4 b6 24. Nb5 Qxe5 25. Bb2 Qg5 26. Re1 Qh4 27. Rf1 Nf4 28.
Qf3 Nd5 29. Nd4 Rc8 30. Nf5 exf5 31. Qxd5 fxg4 32. Qe5 Bf8 33. Qf5 Rc4 34. Qd3
b5 35. Qd5 gxh3 36. Be5 Qg5+ 37. Kh1 Rc5 {White resigns} 0-1

[Event "Team 45 45 League T32"]
[Site "Internet Chess Club"]
[Date "2007.02.10"]
[Round "4"]
[White "A-Ru"]
[Black "Mater"]
[Result "1/2-1/2"]
[WhiteElo "1900"]
[BlackElo "1755"]
[ECO "D05"]
[TimeControl "2700+45"]

1. d4 d5 2. Nf3 e6 3. e3 Nf6 4. Bd3 c5 5. b3 cxd4 6. exd4 Nc6 7. O-O Be7 8. a3
a6 9. Re1 O-O 10. Bb2 b5 11. Nbd2 Bb7 12. Ne5 b4 13. Nxc6 Bxc6 14. axb4 Bxb4 15.
c3 Bd6 16. Rxa6 Qc7 17. Nf3 Bb7 18. Rxa8 Rxa8 19. Qc2 Ba6 20. Ra1 Bb7 21. Rxa8+
Bxa8 22. Ne5 Bxe5 23. dxe5 Qxe5 24. Qe2 Qf4 25. g3 Qc7 26. Qe3 Qb7 27. f3 Qxb3
28. Qa7 Bc6 29. Qc5 Bd7 30. Ba3 Qd1+ 31. Kg2 Qd2+ 32. Kg1 Qd1+ 33. Kg2 Qd2+ 34.
Kg1 {Game drawn by mutual agreement} 1/2-1/2